 Dungeon Crawl Stone Soup version 0.16.1-16-gc44b35d (webtiles) character file.

11010 lightmor the Cleaver (level 11, -2/103 HPs)
             Began as a Deep Dwarf Fighter on Apr 19, 2015.
             Was a Priest of Makhleb.
             Slain by an angel
             ... wielding a +3 whip of holy wrath
             ... created by the Shining One
              (7 damage)
             ... on level 10 of the Dungeon on Apr 20, 2015.
             The game lasted 01:56:57 (11660 turns).

lightmor the Cleaver (Deep Dwarf Fighter)          Turns: 11660, Time: 01:56:57

Health: -2/103     AC: 21    Str: 18 (20) XL:     11   Next: 43%
Magic:  16/16      EV:  6    Int:  5 (11) God:    Makhleb [***...]
Gold:   873        SH: 11    Dex: 10 (12) Spells: 0 memorised, 10 levels left

rFire  . . .     SeeInvis .     L - +9 hand axe "Fyliaxt" {chop, +Blink +Fly rElec rPois Str-3}
rCold  . . .     Clarity  .     b - +0 plate armour
rNeg   + . .     SustAb   .     c - +1 shield
rPois  +         Gourm    .     N - +3 helmet of Analysis {rElec}
rElec  +         Spirit   .     D - +0 cloak {MR+}
rCorr  .         Warding  .     o - +0 pair of gloves
rMut   .         Stasis   .     (no boots)
MR     ++...                    j - amulet of rage
Stlth  ..........               z - ring of poison resistance
                                A - ring of positive energy

@: non-regenerating, glowing, very resistant to hostile enchantments, extremely
unstealthy
A: damage resistance, recharge devices, clever 1, deterioration 1, sense
surroundings 2, slow healing 3
a: Device Recharging, Minor Destruction, Lesser Servant of Makhleb, Renounce
Religion, Evoke Blink, Evoke Berserk Rage, Evoke Flight


You were on level 10 of the Dungeon.
You worshipped Makhleb.
Makhleb was most pleased with you.
You were not hungry.

You visited 1 branch of the dungeon, and saw 11 of its levels.
You also visited: Bailey.

You collected 873 gold pieces.

Inventory:

Hand weapons
 L - the +9 hand axe "Fyliaxt" (weapon) {chop, +Blink +Fly rElec rPois Str-3}
   (You found it on level 11 of the Dungeon)

   It inflicts extra damage upon your enemies.
   It affects your strength (-3).
   It insulates you from electricity.
   It protects you from poison.
   It lets you fly.
   It lets you blink.
Missiles
 i - a stone (quivered)
Armour
 b - a +0 plate armour (worn)
 c - a +1 shield (worn)
 o - a +0 pair of gloves (worn)
 r - a +2 cloak
 D - a +0 cloak of magic resistance (worn)
 K - a +0 buckler
 N - the +3 helmet of Analysis (worn) {rElec}
   (You acquired it in a bailey)

   It insulates you from electricity.
Jewellery
 g - an uncursed ring of stealth
 j - an amulet of rage (around neck)
 y - an uncursed amulet of guardian spirit
 z - a ring of poison resistance (right hand)
 A - a ring of positive energy (left hand)
Magical devices
 d - a wand of heal wounds (5)
 s - a wand of magic darts (21)
 t - a wand of fire (10)
 v - a wand of flame (16)
 w - a wand of slowing (18)
 M - a wand of fire (3)
 O - a wand of random effects (36)
Scrolls
 a - a scroll of random uselessness
 k - a scroll of fog
 m - 4 scrolls of amnesia
 p - 2 scrolls of remove curse
 B - a scroll of fear
 F - 2 scrolls of blinking
 G - 3 scrolls of identify
 H - a scroll of recharging
 Q - a scroll of teleportation
Potions
 e - 2 potions of might
 n - 2 potions of cancellation
 u - a potion of haste
 x - a potion of agility
 C - 2 potions of flight
Books
 l - a book of the Earth

   Spells                             Type                      Level
   a - Leda's Liquefaction            Hexes/Earth                  4
   b - Bolt of Magma                  Conjuration/Fire/Earth       5
   c - Statue Form                    Transmutation/Earth          6
   d - Iron Shot                      Conjuration/Earth            6
   e - Shatter                        Earth                        9
 E - a Necronomicon {highlevel, unknown}

   This book is beyond your current level of understanding.

   Spells                             Type                      Level
   a - Haunt                          Necromancy/Summoning         7
   b - Borgnjor's Revivification      Necromancy                   8
   c - Death's Door                   Charms/Necromancy            8
   d - Necromutation                  Transmutation/Necromancy     8
Comestibles
 f - 9 bread rations
 h - 2 meat rations
 q - a slice of pizza
 I - a beef jerky
 J - a royal jelly
 P - 2 chunks of flesh


   Skills:
 + Level 7.8 Fighting
 * Level 11.1 Axes
 + Level 9.5 Armour
 - Level 5.7 Dodging
 - Level 1.5 Stealth
 - Level 7.2 Shields
 + Level 8.6 Evocations


You had 10 spell levels left.
You didn't know any spells.

Dungeon Overview and Level Annotations

Branches:
Dungeon (11/15)            Temple (0/1) D:6             Orc (0/4) D:10
   Lair: D:8-11

Altars:
Cheibriados
Elyvilon
Fedhas
Gozag
Makhleb
Nemelex Xobeh
Qazlal
Ru
Trog
Yredelemnul
The Shining One

Shops:
D:8 *


Innate Abilities, Weirdness & Mutations

You are resistant to damage.
You can recharge devices by infusing magical energy.
You passively map the area around you.
You do not heal naturally.
Your mind is acute. (Int +2)
Your body is slowly deteriorating.


Message History

The angel is moderately wounded.
The angel hits you with a whip of holy wrath!
* * * LOW HITPOINT WARNING * * *
The angel hits you but does no damage.
You slash the angel!
The angel is heavily wounded.
The angel hits you but does no damage.
The angel hits you with a whip of holy wrath.
* * * LOW HITPOINT WARNING * * *
Your plate armour prevents you from hitting the angel.
The angel is heavily wounded.
The angel gestures.
The angel is healed somewhat.
You hit the angel but do no damage.
The angel is moderately wounded.
You block the angel's attack. x2
You slash the angel!
The angel is heavily wounded.
The angel hits you with a whip of holy wrath!
You die...

.....# ###.......# ##'###
#####.### #..# #..# #.## #.## #.#
#.# ..# ############ #.# .####
*...........# #.# ## ....#
#...........#######'####. ....#
*##.......@.....##.......#.
....##..........A...#..#....).)'.
)......##...........##.÷......)##
....#####.......†...####....>..#
....# #...........# #.......#
....# ###.######### #####'###
##### #. ##..# ....# #..## ###.##
*#.* #.##


You could see an angel.

Vanquished Creatures
  3 hill giants (D:10)
  2 orc knights (Bailey)
  2 centaur skeletons (D:10)
  The ghost of trantor the Charmwright, an experienced HESk (D:4)
  A two-headed ogre (D:11)
  2 trolls (D:10)
  A spriggan (D:7)
  A hippogriff (D:8)
  9 yaks
  3 phantoms
  An eye of draining (D:10)
  An ice beast (D:5)
  5 black bears
  5 ogres
  6 centaurs
  3 orc warriors
  A crocodile (D:9)
  2 sky beasts
  A big kobold (D:7)
  9 giant frogs
  6 scorpions
  14 killer bees
  5 wights (D:10)
  2 quasits
  4 goliath beetles
  7 crimson imps
  2 giant frog zombies
  A wasp zombie (D:9)
  Crazy Yiuf (D:7)
  2 jellies
  2 giant frog skeletons
  6 orc priests
  5 hounds
  3 iguanas
  9 orc wizards
  7 worker ants
  A hound zombie (D:5)
  A hound skeleton (D:9)
  2 worker ant zombies
  11 adders
  5 shadow imps
  2 giant mites
  4 worms
  5 adder skeletons
  8 giant geckos
  2 oozes
  39 orcs
  17 bats
  A bat skeleton (D:7)
  2 giant cockroaches
  19 goblins
  22 hobgoblins
  16 jackals
  A ball python (D:3)
  8 giant newts
  A giant spore (D:7)
  35 kobolds
  An orc zombie (D:6)
  12 quokkas
  A quokka zombie (D:7)
  9 rats
  A ballistomycete (D:7)
  3 plants (D:2)
364 creatures vanquished.

Vanquished Creatures (others)
  An orc (D:7)
  A bat (D:2)
2 creatures vanquished.

Grand Total: 366 creatures vanquished

Notes
Turn   | Place    | Note
--------------------------------------------------------------
     0 | D:1      | lightmor, the Deep Dwarf Fighter, began the quest for the Orb.
     0 | D:1      | Reached XP level 1. HP: 20/20 MP: 1/1
   391 | D:1      | Reached XP level 2. HP: 25/27 MP: 2/2
   704 | D:1      | Reached XP level 3. HP: 27/34 MP: 3/3
  1070 | D:2      | Found a stormy altar of Qazlal.
  1117 | D:2      | Reached skill level 4 in Armour
  1239 | D:2      | Found a basalt altar of Yredelemnul.
  1379 | D:2      | Reached skill level 1 in Dodging
  1413 | D:2      | Reached skill level 1 in Stealth
  1507 | D:2      | Reached XP level 4. HP: 42/42 MP: 4/4
  1848 | D:2      | Found a burning altar of Makhleb.
  1912 | D:2      | Found a glowing golden altar of the Shining One.
  1915 | D:2      | Became a worshipper of the Shining One
  2324 | D:3      | Reached XP level 5. HP: 49/49 MP: 5/5
  2510 | D:3      | Found a snail-covered altar of Cheibriados.
  2755 | D:3      | Found a bloodstained altar of Trog.
  3362 | D:4      | Reached XP level 6. HP: 30/56 MP: 6/6
  3702 | D:3      | Reached skill level 5 in Shields
  3757 | D:3      | Fell from the grace of the Shining One
  3791 | D:4      | Noticed trantor's ghost (experienced HESk)
  3811 | D:4      | Killed trantor's ghost
  3811 | D:4      | Reached XP level 7. HP: 45/63 MP: 6/6
  3895 | D:4      | Reached skill level 5 in Armour
  4155 | D:5      | Entered Level 5 of the Dungeon
  4204 | D:5      | Reached skill level 6 in Shields
  4272 | D:5      | Reached XP level 8. HP: 34/72 MP: 8/8
  4437 | D:5      | Found an opulent altar of Gozag.
  4763 | D:5      | Found a sacrificial altar of Ru.
  4917 | D:6      | Reached skill level 5 in Axes
  5073 | D:6      | Found a staircase to the Ecumenical Temple.
  5094 | D:6      | Reached skill level 5 in Dodging
  5206 | D:6      | Reached skill level 7 in Shields
  5533 | D:6      | Found an opulent altar of Gozag.
  5896 | D:6      | You fall through a shaft!
  5906 | D:9      | Reached skill level 1 in Evocations
  5977 | D:9      | Gained mutation: You passively map the area around you. [level up]
  5977 | D:9      | Reached XP level 9. HP: 71/80 MP: 6/8
  6027 | D:9      | Reached skill level 5 in Fighting
  6242 | D:7      | Found a sparkling altar of Nemelex Xobeh.
  6896 | D:7      | Noticed Crazy Yiuf
  6911 | D:7      | Killed Crazy Yiuf
  7193 | D:7      | Reached skill level 5 in Evocations
  7201 | D:7      | Reached skill level 8 in Axes
  7234 | D:7      | Gained mutation: Your body is slowly deteriorating. [mutagenic meat]
  7235 | D:7      | Gained mutation: Your mind is acute. (Int +2) [mutagenic meat]
  7468 | D:7      | Reached XP level 10. HP: 69/91 MP: 13/15
  8226 | D:8      | Found Puodu Sag's General Store.
  8243 | D:8      | Found a white marble altar of Elyvilon.
  8298 | D:8      | Found a blossoming altar of Fedhas.
  8735 | D:9      | Reached skill level 9 in Axes
  9759 | D:2      | Became a worshipper of Makhleb the Destroyer
 10042 | D:10     | Entered Level 10 of the Dungeon
 10066 | D:10     | Noticed a daeva
 10066 | D:10     | Noticed an angel
 10066 | D:10     | Noticed an angel
 10227 | D:11     | Noticed an angel
 10227 | D:11     | Noticed a daeva
 10227 | D:11     | Noticed a daeva
 10238 | D:11     | Got a brightly glowing hand axe
 10239 | D:11     | Identified the +9 hand axe "Fyliaxt" {chop, +Blink +Fly rElec rPois Str-3} (You found it on level 11 of the Dungeon)
 10320 | D:10     | Acquired Makhleb's first power
 10436 | D:10     | Found a flagged portal.
 10468 | Bailey   | Entered a bailey
 10481 | Bailey   | Noticed an orc knight
 10484 | Bailey   | Noticed an orc knight
 10573 | Bailey   | Killed an orc knight
 10573 | Bailey   | Reached skill level 10 in Axes
 10609 | Bailey   | Killed an orc knight
 10609 | Bailey   | Acquired Makhleb's second power
 10609 | Bailey   | Reached XP level 11. HP: 67/100 MP: 16/16
 11012 | Bailey   | Identified a scroll of acquirement
 11015 | Bailey   | Got a heavily runed helmet
 11021 | Bailey   | Identified the +3 helmet of Analysis {rElec} (You acquired it in a bailey)
 11033 | D:10     | Noticed a hill giant
 11044 | D:10     | Noticed a hill giant
 11056 | D:10     | Killed a hill giant
 11063 | D:10     | Killed a hill giant
 11091 | D:10     | Found a staircase to the Orcish Mines.
 11199 | D:10     | Noticed a hill giant
 11208 | D:10     | Killed a hill giant
 11314 | D:10     | Noticed an angel
 11314 | D:10     | Noticed an angel
 11399 | D:10     | Reached skill level 11 in Axes
 11451 | D:10     | Acquired Makhleb's third power
 11657 | D:10     | HP: 5/103 [angel/whip of holy wrath[the Shining One] (1)]
 11660 | D:10     | Slain by an angel

Action                   |  1- 3 |  4- 6 |  7- 9 | 10-12 || total
-------------------------+-------+-------+-------+-------++-------
Melee: War axe           |   122 |   287 |   560 |   210 ||  1179
       Hand axe          |       |       |       |   284 ||   284
Invok: Renounce Religion |       |     1 |       |       ||     1
 Abil: Device Recharging |       |     1 |     2 |     3 ||     6
       Evoke Flight      |       |       |       |     3 ||     3
Evoke: Wand              |     2 |     3 |    11 |    18 ||    34
  Use: Scroll            |     3 |     5 |     7 |    10 ||    25
       Potion            |       |     6 |     3 |     1 ||    10
 Stab: Sleeping          |       |     1 |     1 |       ||     2
  Eat: Chunk             |     2 |     2 |    12 |     9 ||    25
       Meat ration       |       |     1 |       |     1 ||     2
       Pizza             |       |     1 |       |       ||     1
       Beef jerky        |       |       |     1 |       ||     1
       Royal jelly       |       |       |     1 |       ||     1
